 Dungeon Crawl Stone Soup version 0.28.0-43-g3370ac3207 (webtiles) character file.

Game seed: 17856955786505399122

475 Faeu the Shield-Bearer (level 6, -1/49 (56) HPs)
             Began as a Minotaur Fighter on Mar 26, 2022.
             Was a Believer of Dithmenos.
             Slain by Edmund
             ... wielding a +4 flail of draining
              (8 damage)
             ... on level 4 of the Dungeon.
             The game lasted 00:10:35 (3454 turns).

Faeu the Shield-Bearer (Minotaur Fighter)           Turns: 3454, Time: 00:10:36

HP:   -1/49 (56)    AC: 10    Str: 22    XL:     6   Next: 84%
MP:   5/5           EV:  7    Int:  5    God:    Dithmenos [**....]
Gold: 90            SH:  5    Dex: 10    Spells: 5/5 levels left

rFire   . . .      SeeInvis .   a - +0 long sword {long}
rCold   . . .      Faith    +   c - +0 buckler
rNeg    . . .      Spirit   .   p - +0 chain mail
rPois   .          Reflect  .   (helmet restricted)
rElec   .          Harm     .   (no cloak)
rCorr   .          Rampage  .   (no gloves)
Will    .....                   (no boots)
Stlth   ..........              h - amulet of faith {!P}
HPRegen 0.16/turn               (no ring)
MPRegen 0.09/turn               (no ring)

@: mighty, wreathed by umbra, heavily drained
A: horns 2, retaliatory headbutt
a: Renounce Religion, Shadow Step


You were on level 4 of the Dungeon.
You worshipped Dithmenos.
Dithmenos was pleased with you.
You visited 1 branch of the dungeon, and saw 4 of its levels.

You collected 215 gold pieces.
You spent 125 gold pieces at shops.


Innate Abilities, Weirdness & Mutations

You have a pair of horns on your head.
You reflexively headbutt those who attack you in melee.


   Skills:
 + Level 5.6 Fighting
 + Level 4.9 Long Blades
 + Level 5.5 Armour
 + Level 5.6 Shields


You had 5 spell levels left.
You didn't know any spells.
Your spell library contained the following spells:

 Spells                   Type           Power      Damage    Failure   Level
 Gell's Gravitas          Tloc           0%         N/A       100%        3
 Lesser Beckoning         Tloc           0%         N/A       100%        3
 Teleport Other           Tloc           0%         N/A       100%        3
 Fireball                 Conj/Fire      0%         3d3       100%        5
 Starburst                Conj/Fire      0%         6d3       100%        6
 Ignition                 Fire           0%         3d3       100%        8

Inventory:

Hand Weapons
 a - a +0 long sword (weapon) {long}
Missiles
 o - 3 poisoned darts (quivered) {throwing}
 t - 5 silver boomerangs {throwing}
Armour
 c - a +0 buckler (worn)
 p - a +0 chain mail (worn)
   (You found it on level 3 of the Dungeon)
Jewellery
 b - a ring of flight
   (You found it on level 3 of the Dungeon)
 h - an amulet of faith (around neck) {!P}
   (You found it on level 1 of the Dungeon)
 r - an amulet of guardian spirit
   (You bought it in a shop on level 3 of the Dungeon)
Scrolls
 f - 6 scrolls of identify {unknown}
 g - a scroll of vulnerability {unknown}
 k - a scroll of teleportation {unknown}
 m - a scroll of acquirement {unknown}
 n - a scroll of enchant armour {unknown}
 q - a scroll of holy word {unknown}
Potions
 e - a potion of magic {unknown}
 i - 2 potions of heal wounds {unknown}
 j - 3 potions of mutation {unknown}
 l - a potion of curing {unknown}
 s - 3 potions of attraction {unknown}
 u - 2 potions of flight {unknown}
 v - a potion of brilliance {unknown}

Dungeon Overview and Level Annotations

Branches:
Dungeon (4/15)
 Temple: D:4-7

Altars:
Dithmenos
Gozag

Shops:
D:3 *?

Annotations:
D:4 Edmund

#####.. .# ..
.....##########.#
....##..##.......#.#
#........#####.#.#
...#.#.##(# #.#.##.#
#.##.# #......#
#.##.# #.#.##....
#.##@#####.#.# #
#(##@....[.#.#
#.........)...#.#
#..#......<.....#####
.(####.[####........
#. #..# #.######. ..
#..# #†# .. #..# #.#
...####.######.
#.(........


You could see Edmund.


Message History

You kill the gnoll!
Dithmenos accepts your kill.
Things that are here:
a +0 club {mace}; a +0 club {mace}
Things that are here:
a +0 whip {mace}; a gnoll corpse You now have 90 gold pieces (gained 6).
You see here 22 stones {throwing}.
u - 2 smoky black potions An iguana comes into view.
The iguana hisses angrily.
You see here 25 bolts.
The iguana bites you but does no damage.
You closely miss the iguana. The iguana bites you. 😕 HP[-1]
You take 1 damage, and now have 55/56 hp.
You barely miss the iguana.
The iguana bites you but does no damage. 😎 HP[+1]
You slash the iguana! The iguana bites you. 😕 HP[-6]
You take 6 damage, and now have 50/56 hp.
You hit the iguana. You headbutt the iguana.
You kill the iguana!
Dithmenos accepts your kill.
You see here an iguana corpse. 😕 HP[+1]
A hound comes into view.
The hound barks!
You see here a +0 robe.
You barely miss the hound. The hound bites you but does no damage.
The hound closely misses you. 😕 HP[+1]
You closely miss the hound. The hound barely misses you.
You furiously retaliate!
You headbutt the hound, but do no damage.
The hound closely misses you.
You hit the hound but do no damage. You headbutt the hound.
You block the hound's attack.
You miss the hound. The hound barely misses you.
The hound bites you but does no damage.
You closely miss the hound.
The hound bites you but does no damage. x2
You barely miss the hound. The hound bites you but does no damage.
The hound barely misses you. 😕 HP[+1]
You slash the hound! Your headbutt misses the hound.
The hound bites you but does no damage. The hound barely misses you.
You barely miss the hound. The hound barely misses you.
The hound closely misses you.
You closely miss the hound. You headbutt the hound.
You kill the hound!
Dithmenos accepts your kill.
v - a dark potion 😎 HP[+3] Edmund the Younger comes into view.
He is wielding a +4 flail of draining.
Edmund shouts!
You throw a poisoned dart {throwing}.
The poisoned dart {throwing} hits Edmund.
Edmund is poisoned.
You throw a poisoned dart {throwing}.
The poisoned dart {throwing} hits Edmund.
Edmund looks even sicker.
Edmund completely misses you.
You hit Edmund but do no damage. You headbutt Edmund, but do no damage.
You block Edmund's attack.
You barely miss Edmund.
Edmund hits you with a +4 flail of draining.
You feel drained. 😕 HP[-4]
You now have 55 max hp (-1).
You take 4 damage, and now have 52/55 hp.
You hit Edmund. You headbutt Edmund. You block Edmund's attack.
You barely miss Edmund. You headbutt Edmund, but do no damage.
Edmund hits you with a +4 flail of draining!
You feel drained.
Edmund hits you with a +4 flail of draining!
* * * LOW HITPOINT WARNING * * *
You feel drained.
* * * LOW HITPOINT WARNING * * *
😨 HP[-34]
You now have 51 max hp (-4).
You take 34 damage, and now have 18/51 hp.
MASSIVE DAMAGE!! (PAUSE)
You slash Edmund! You headbutt Edmund, but do no damage.
Edmund hits you with a +4 flail of draining!
* * * LOW HITPOINT WARNING * * *
You feel drained.
* * * LOW HITPOINT WARNING * * *
😱 HP[-12]
You now have 49 max hp (-2).
You take 12 damage, and now have 6/49 hp.
MASSIVE DAMAGE!! (PAUSE)
Okay, then.
You feel very mighty all of a sudden. Edmund barely misses you.
You furiously retaliate!
You headbutt Edmund! You hit Edmund.
Edmund looks more healthy.
You block Edmund's attack. 😱 HP[+1]
You closely miss Edmund.
Edmund hits you with a +4 flail of draining!
You die...

Skill      XL: |  1  2  3  4  5 |
---------------+----------------+-----
Fighting       | 4 5 |  5.6
Armour         | 4 5 |  5.5
Shields        | 4 5 |  5.6
Long Blades    | 3 4 |  4.9

Action                   |  1- 3 |  4- 6 || total
-------------------------+-------+-------++-------
Melee: Long sword        |    50 |   122 ||   172
       Headbutt          |     4 |    20 ||    24
Throw: Dart              |       |     2 ||     2
  Use: Potion            |       |     1 ||     1
Armor: Scale mail        |    20 |    21 ||    41
       Chain mail        |       |    36 ||    36
Dodge: Dodged            |    16 |    53 ||    69
Block: Buckler           |    12 |    24 ||    36

Levels and vault maps discovered:
D:1:      matt_arrival_grand_opening, layout_loops_corners,
          ebering_ecumenical_altar_abandoned
D:2:      layout_basic, uniq_natasha
D:3:      layout_basic, nicolae_overflow_crystal_walls, serial_shops, shop,
          shop, minmay_circle_x
D:4:      layout_loops_ring, nrook_campfire, uniq_edmund

Notes
Turn   | Place    | Note
-------+----------+-------------------------------------------
     0 | D:1      | Faeu the Minotaur Fighter began the quest for the Orb.
     0 | D:1      | Reached XP level 1. HP: 19/19 MP: 0/0
     0 | D:1      | magus.rc [v1.9.6]
   479 | D:1      | Reached XP level 2. HP: 27/27 MP: 1/1
   593 | D:1      | Found a faded altar of an unknown god.
   605 | D:1      | Prayed at the altar of an unknown god.
   605 | D:1      | Became a worshipper of Dithmenos the Shadowed
   605 | D:1      | Reached * piety under Dithmenos
   959 | D:1      | Reached skill level 4 in Fighting
   959 | D:1      | Reached skill level 4 in Armour
   959 | D:1      | Reached skill level 4 in Shields
  1084 | D:1      | You pick up a book of Fire and begin reading...
  1084 | D:1      | You add the spells Fireball, Starburst and Ignition to your
                  | library.
  1206 | D:2      | Noticed Natasha
  1216 | D:2      | Noticed a crimson imp
  1216 | D:2      | Killed Natasha
  1217 | D:2      | Reached skill level 3 in Long Blades
  1217 | D:2      | Reached XP level 3. HP: 30/33 MP: 2/2
  1413 | D:2      | Noticed Natasha
  1423 | D:2      | Killed Natasha
  1424 | D:2      | Reached XP level 4. HP: 19/41 MP: 3/3
  1667 | D:2      | Noticed Natasha
  1673 | D:2      | Killed Natasha
  2217 | D:3      | Reached ** piety under Dithmenos
  2232 | D:3      | You pick up a book of Displacement and begin reading...
  2232 | D:3      | You add the spells Lesser Beckoning, Gell's Gravitas and
                  | Teleport Other to your library.
  2340 | D:3      | Found Ryeblomp's Assorted Antiques.
  2351 | D:3      | Noticed a black bear
  2364 | D:3      | Killed a black bear
  2365 | D:3      | Reached skill level 5 in Fighting
  2365 | D:3      | Reached skill level 4 in Long Blades
  2365 | D:3      | Reached XP level 5. HP: 16/48 MP: 4/4
  2567 | D:3      | Bought a thin beryl amulet for 125 gold pieces
  2611 | D:3      | Found Xorchot's Magic Scroll Emporium.
  2679 | D:3      | Found an opulent altar of Gozag.
  2689 | D:3      | Reached skill level 5 in Shields
  2903 | D:3      | Reached skill level 5 in Armour
  3110 | D:4      | Noticed a necrophage
  3129 | D:4      | Reached XP level 6. HP: 47/56 MP: 5/5
  3434 | D:4      | Noticed Edmund
  3451 | D:4      | HP: 10/51 [Edmund/+4 flail of draining (8)]
  3454 | D:4      | Slain by Edmund

Vanquished Creatures
  A black bear (D:3)
  A necrophage (D:4)
  A bullfrog (D:4)
  A hound (D:4)
  An iguana (D:4)
  Natasha (thrice) (D:2)
  3 gnolls (D:4)
  An adder (D:3)
  2 worms
  3 dart slugs
  4 orcs (D:3)
  5 ball pythons
  7 endoplasms
  2 giant cockroaches
  A goblin (D:3)
  4 hobgoblins
  7 kobolds
  8 bats
  A frilled lizard (D:3)
  5 rats
61 creatures vanquished.

Table legend:
 A = Non-vault XP
 B = Vault XP
 C = Vault XP percentage of total XP
 D = Non-vault monster count
 E = Vault monster count
 F = Vault count percentage of total count
                 A         B        C        D         E       F
            +---------+---------+-------+---------+---------+-------
      Total |     627 |      52 |   7.7 |      53 |       8 |  13.1
            +---------+---------+-------+---------+---------+-------
        D:1 |      32 |       0 |   0.0 |      16 |       0 |   0.0
        D:2 |      86 |      35 |  28.9 |      11 |       1 |   8.3
        D:3 |     169 |      17 |   9.1 |      16 |       7 |  30.4
        D:4 |     340 |       0 |   0.0 |      10 |       0 |   0.0
            +---------+---------+-------+---------+---------+-------

Illustrated notes

Table legend:
 A = Kills in this place as a percentage of kills in entire the game.
 B = Kills by you in this place as a percentage of kills by you in the entire game.
 C = Kills by friends in this place as a percentage of kills by friends in the entire game.
 D = Other kills in this place as a percentage of other kills in the entire game.
 E = Experience gained in this place as a percentage of experience gained in the entire game.
 F = Experience gained in this place divided by the number of levels of this place that you have seen.
                   A       B       C       D       E      F
               +-------+-------+-------+-------+-------+----------------------
         Total | 100.0 | 100.0 |   N/A |   N/A | 100.0 | 169.8
       Dungeon | 100.0 | 100.0 |   N/A |   N/A | 100.0 | 169.8
               +-------+-------+-------+-------+-------+----------------------

Table legend: (Time is in decaauts)
 A = Elapsed time spent in this place.
 B = Non-inter-level travel time spent in this place.
 C = Inter-level travel time spent in this place.
 D = Time resting spent in this place.
 E = Time spent auto-exploring this place.
 F = Levels seen in this place.
 G = Mean time per level.
                   A        B        C        D        E       F      G
               +--------+--------+--------+--------+--------+-----+--------+
         Total |   3505 |   3415 |     90 |      0 |   2602 |   4 |  876.2 |
       Dungeon |   3505 |   3415 |     90 |      0 |   2602 |   4 |  876.2 |
               +--------+--------+--------+--------+--------+-----+--------+

Top non-repeatable levels by time:
     D:1: 1178 daAuts
     D:3: 1005 daAuts
     D:2: 939 daAuts
     D:4: 382 daAuts
